| TOP OF THE 1ST |
|
Miami (APP) Marlins batting - Pitching for San Diego (APP) Padres : RHP Rogelio Nunez
|
|
Pitching: RHP Rogelio Nunez
|
|
|
Batting: RHB Jason Thrash
|
0-0: Called Strike 0-1: Fly out, F9 (Flyball, 9LM, EV 78.8 MPH)
|
|
Batting: RHB Adrian Bocker
|
0-0: Ball 1-0: Ball 2-0: Swinging Strike 2-1: Foul Ball, location: 2F 2-2: Ground out 6-3 (Groundball, 6S, EV 74.4 MPH)
|
|
Batting: SHB Matt Moore
|
0-0: Called Strike 0-1: Ball 1-1: Foul Ball, location: 2F 1-2: Ball 2-2: Ball 3-2: Strikes out swinging, 2-3 out at first.
|
| Top of the 1st over - 0 runs, 0 hits, 0 errors, 0 left on base; Miami (APP) 0 - San Diego (APP) 0 |
| BOTTOM OF THE 1ST |
|
San Diego (APP) Padres batting - Pitching for Miami (APP) Marlins : LHP Mike Wasson
|
|
Pitching: LHP Mike Wasson
|
|
|
Batting: SHB Yutaro Takahashi
|
0-0: Ball 1-0: Ball 2-0: Called Strike 2-1: Ball 3-1: Called Strike 3-2: Base on Balls
|
|
Batting: LHB Phil Lerner
|
0-0: Called Strike 0-1: Swinging Strike 0-2: Foul Ball, location: 2F 0-2: Ball Yutaro Takahashi is caught stealing 2nd base 2-6 1-2: Ball 2-2: Foul Ball, location: 2F 2-2: Ball 3-2: SINGLE (Flyball, 89S, EV 90.6 MPH)
|
|
Batting: RHB Antonio Lara
|
0-0: Ball 1-0: Ball 2-0: Ball 3-0: Base on Balls Phil Lerner to second
|
|
Pitching: RHP Matt Alexander
|
|
|
Batting: RHB Freddie Brown
|
0-0: Called Strike 0-1: Ball 1-1: Ball 2-1: Ball 3-1: Foul Ball, location: 2F 3-2: Foul Ball, location: 2F 3-2: Foul Ball, location: 2F 3-2: Foul Ball, location: 2F 3-2: Foul Ball, location: 2F 3-2: Base on Balls Phil Lerner to third Antonio Lara to second
|
|
Batting: LHB Sammy Roddenberry
|
0-0: Called Strike 0-1: Swinging Strike 0-2: Ball 1-2: Ball 2-2: Strikes out looking
|
|
Batting: RHB Wally Cangro
|
0-0: Called Strike 0-1: Ball 1-1: Ball 2-1: Ball 3-1: Base on Balls Phil Lerner scores Antonio Lara to third Freddie Brown to second
|
|
Pitching: LHP Tyler Murders
|
|
|
Batting: RHB Max Stillo
|
0-0: Called Strike 0-1: Ball 1-1: Swinging Strike 1-2: Foul Ball, location: 2F 1-2: Strikes out swinging
|
| Bottom of the 1st over - 1 run, 1 hit, 0 errors, 3 left on base; Miami (APP) 0 - San Diego (APP) 1 |
| TOP OF THE 2ND |
|
Miami (APP) Marlins batting - Pitching for San Diego (APP) Padres : RHP Rogelio Nunez
|
|
Batting: RHB Mario Cota
|
0-0: Ball 1-0: Ball 2-0: Called Strike 2-1: Called Strike 2-2: Foul Ball, location: 2F 2-2: Foul Ball, location: 2F 2-2: Ball 3-2: Fly out, F8 (Line Drive, 8LD, EV 88.8 MPH)
|
|
Batting: RHB Keith Bennett
|
0-0: Ball 1-0: Ball 2-0: Called Strike 2-1: Ball 3-1: Base on Balls
|
|
Batting: RHB Rick Knoblauch
|
0-0: Called Strike 0-1: Ball 1-1: Foul Ball, location: 2F 1-2: Fly out, F5 (Popup, 5F, EV 71.9 MPH)
|
|
Batting: LHB Gavrilo Brkic
|
0-0: Called Strike 0-1: Swinging Strike 0-2: Foul Ball, location: 2F 0-2: Strikes out swinging
|
| Top of the 2nd over - 0 runs, 0 hits, 0 errors, 1 left on base; Miami (APP) 0 - San Diego (APP) 1 |
| BOTTOM OF THE 2ND |
|
San Diego (APP) Padres batting - Pitching for Miami (APP) Marlins : LHP Tyler Murders
|
|
Batting: RHB Aaron Joseph
|
0-0: Swinging Strike 0-1: Foul Ball, location: 2F 0-2: Ball 1-2: Ball 2-2: Foul Ball, location: 2F 2-2: Foul Ball, location: 2F 2-2: Foul Ball, location: 2F 2-2: Strikes out swinging
|
|
Batting: RHB Stephon Hill
|
0-0: Ground out 4-3 (Groundball, 4, EV 90.6 MPH)
|
|
Batting: SHB Yutaro Takahashi
|
0-0: Ball 1-0: Ball 2-0: Ball 3-0: Base on Balls
|
|
Batting: LHB Phil Lerner
|
0-0: Swinging Strike 0-1: Ball Yutaro Takahashi steals 2nd base 1-1: Ball 2-1: Called Strike 2-2: Ball 3-2: Base on Balls
|
|
Batting: RHB Antonio Lara
|
0-0: Called Strike 0-1: Called Strike 0-2: Strikes out swinging
|
| Bottom of the 2nd over - 0 runs, 0 hits, 0 errors, 2 left on base; Miami (APP) 0 - San Diego (APP) 1 |
| TOP OF THE 3RD |
|
Miami (APP) Marlins batting - Pitching for San Diego (APP) Padres : RHP Rogelio Nunez
|
|
Batting: LHB Melvin Castro
|
0-0: Foul Ball, location: 2F 0-1: Ball 1-1: Called Strike 1-2: Strikes out swinging
|
|
Batting: LHB Bryan Wedge
|
0-0: Ball 1-0: Ball 2-0: Ball 3-0: Base on Balls
|
|
Batting: RHB Jason Thrash
|
0-0: Foul Ball, location: 2F 0-1: Foul Ball, location: 2F 0-2: Ball 1-2: Strikes out swinging
|
|
Batting: RHB Adrian Bocker
|
0-0: Ball 1-0: Ball 2-0: Called Strike 2-1: Ball 3-1: Foul Ball, location: 2F 3-2: Fly out, F2 (Popup, 2L, EV 95.6 MPH)
|
| Top of the 3rd over - 0 runs, 0 hits, 0 errors, 1 left on base; Miami (APP) 0 - San Diego (APP) 1 |
| BOTTOM OF THE 3RD |
|
San Diego (APP) Padres batting - Pitching for Miami (APP) Marlins : LHP Tyler Murders
|
|
Batting: RHB Freddie Brown
|
0-0: Ball 1-0: Ball 2-0: Called Strike 2-1: Fly out, F9 (Line Drive, 9D, EV 105.0 MPH)
|
|
Batting: LHB Sammy Roddenberry
|
0-0: Ball 1-0: Called Strike 1-1: Ball 2-1: Ball 3-1: Base on Balls
|
|
Batting: RHB Wally Cangro
|
0-0: Ball Sammy Roddenberry is caught stealing 2nd base 2-4 1-0: Ground out 6-3 (Groundball, 56D, EV 83.1 MPH)
|
| Bottom of the 3rd over - 0 runs, 0 hits, 0 errors, 0 left on base; Miami (APP) 0 - San Diego (APP) 1 |
| TOP OF THE 4TH |
|
Miami (APP) Marlins batting - Pitching for San Diego (APP) Padres : RHP Rogelio Nunez
|
|
Batting: SHB Matt Moore
|
0-0: Called Strike 0-1: SINGLE (Groundball, 4D, EV 105.6 MPH)
|
|
Batting: RHB Mario Cota
|
0-0: Foul Ball, location: 2F 0-1: Fielders Choice at 2nd, 4-6 (Groundball, 4M, EV 84.4 MPH)
|
|
Batting: RHB Keith Bennett
|
0-0: Ball 1-0: Ball 2-0: Called Strike 2-1: Swinging Strike 2-2: Strikes out swinging
|
|
Batting: RHB Rick Knoblauch
|
0-0: Ball 1-0: Ball 2-0: Ball 3-0: Base on Balls Mario Cota to second
|
|
Batting: LHB Gavrilo Brkic
|
0-0: Fielders Choice at 2nd, U6 (Groundball, 6M, EV 101.9 MPH)
|
| Top of the 4th over - 0 runs, 1 hit, 0 errors, 2 left on base; Miami (APP) 0 - San Diego (APP) 1 |
| BOTTOM OF THE 4TH |
|
San Diego (APP) Padres batting - Pitching for Miami (APP) Marlins : LHP Tyler Murders
|
|
Batting: RHB Max Stillo
|
0-0: Ball 1-0: Foul Ball, location: 2F 1-1: Foul Ball, location: 2F 1-2: Foul Ball, location: 2F 1-2: Ball 2-2: Foul Ball, location: 2F 2-2: Foul Ball, location: 2F 2-2: Ball 3-2: Foul Ball, location: 2F 3-2: Base on Balls
|
|
Batting: RHB Aaron Joseph
|
0-0: Foul Ball, location: 2F 0-1: Ball 1-1: Swinging Strike 1-2: Ball 2-2: Foul Ball, location: 2F 2-2: Foul Ball, location: 2F 2-2: Ball 3-2: Base on Balls Max Stillo to second
|
|
Batting: RHB Stephon Hill
|
0-0: Ball 1-0: Called Strike 1-1: Foul Ball, location: 2F 1-2: SINGLE (Groundball, 4MD, EV 107.5 MPH) Max Stillo to third Aaron Joseph to second Runner from 3rd tries for Home, throw by CF and OUT! 8-2
|
|
Batting: SHB Yutaro Takahashi
|
0-0: Ball 1-0: Foul Ball, location: 2F 1-1: Called Strike 1-2: Ball 2-2: SINGLE (Line Drive, 56D, EV 95.0 MPH) Aaron Joseph to third Stephon Hill to second Runner from 3rd tries for Home, SAFE, throw by LF to home
|
|
Pitching: RHP Adam Brown
|
|
|
Batting: LHB Phil Lerner
|
0-0: Ball 1-0: Ball 2-0: Ball 3-0: Called Strike 3-1: Called Strike 3-2: Base on Balls Stephon Hill to third Yutaro Takahashi to second
|
|
Batting: RHB Antonio Lara
|
0-0: SINGLE (Groundball, 6MD, EV 95.6 MPH) Stephon Hill scores Yutaro Takahashi to third Phil Lerner to second Runner from 3rd tries for Home, SAFE, throw by CF to home
|
|
Batting: RHB Freddie Brown
|
0-0: Swinging Strike 0-1: Ball 1-1: Ball 2-1: Ball Wild Pitch! Phil Lerner to third Antonio Lara to second 3-1: Base on Balls
|
|
Batting: LHB Sammy Roddenberry
|
0-0: Swinging Strike 0-1: Called Strike 0-2: Ball 1-2: GRAND SLAM HOME RUN (Flyball, 9D, EV 102.5 MPH), Distance : 373 ft
|
|
Batting: RHB Wally Cangro
|
0-0: Called Strike 0-1: Ball 1-1: Ball 2-1: Foul Ball, location: 2F 2-2: Foul Ball, location: 2F 2-2: SINGLE (Groundball, 4S, EV 66.9 MPH) (infield hit)
|
|
Batting: RHB Max Stillo
|
0-0: Called Strike 0-1: Ball 1-1: Swinging Strike 1-2: SINGLE (Line Drive, 34D, EV 101.2 MPH) Wally Cangro to second
|
|
Batting: RHB Aaron Joseph
|
0-0: Swinging Strike 0-1: Ball 1-1: Ball Passed Ball! Wally Cangro to third Max Stillo to second 2-1: 3-RUN HOME RUN (Flyball, 7D, EV 96.9 MPH), Distance : 365 ft
|
|
Pitching: RHP Jeremy Akande
|
|
|
Batting: RHB Stephon Hill
|
0-0: Called Strike 0-1: Ball 1-1: Ball 2-1: Foul Ball, location: 2F 2-2: Strikes out looking
|
|
Batting: SHB Yutaro Takahashi
|
0-0: Fly out, F5 (Popup, 56S, EV 61.9 MPH)
|
| Bottom of the 4th over - 10 runs, 7 hits, 0 errors, 0 left on base; Miami (APP) 0 - San Diego (APP) 11 |
| TOP OF THE 5TH |
|
Miami (APP) Marlins batting - Pitching for San Diego (APP) Padres : RHP Rogelio Nunez
|
|
Batting: LHB Melvin Castro
|
0-0: Foul Ball, location: 2F 0-1: Swinging Strike 0-2: Strikes out swinging
|
|
Batting: LHB Bryan Wedge
|
0-0: Ball 1-0: Ball 2-0: Swinging Strike 2-1: Called Strike 2-2: Strikes out swinging
|
|
Batting: RHB Jason Thrash
|
0-0: Ball 1-0: Ball 2-0: Called Strike 2-1: Swinging Strike 2-2: SINGLE (Groundball, 4MD, EV 108.1 MPH)
|
|
Batting: RHB Adrian Bocker
|
0-0: Ball 1-0: Called Strike 1-1: Ball 2-1: Foul Ball, location: 2F 2-2: Foul Ball, location: 2F 2-2: TRIPLE (Flyball, 9LD, EV 90.6 MPH) Jason Thrash scores
|
|
Batting: SHB Matt Moore
|
0-0: Called Strike 0-1: Foul Ball, location: 2F 0-2: Strikes out swinging
|
| Top of the 5th over - 1 run, 2 hits, 0 errors, 1 left on base; Miami (APP) 1 - San Diego (APP) 11 |
| BOTTOM OF THE 5TH |
|
San Diego (APP) Padres batting - Pitching for Miami (APP) Marlins : RHP Jeremy Akande
|
|
Batting: LHB Phil Lerner
|
0-0: Called Strike 0-1: Ball 1-1: Foul Ball, location: 2F 1-2: Ball 2-2: Ball 3-2: Base on Balls
|
|
Batting: RHB Antonio Lara
|
0-0: Swinging Strike 0-1: Ball 1-1: Called Strike 1-2: Foul Ball, location: 2F 1-2: Foul Ball, location: 2F 1-2: Strikes out swinging
|
|
Batting: RHB Freddie Brown
|
0-0: Reached on error, E6 (Groundball, 6, EV 106.2 MPH) Phil Lerner to second
|
|
Batting: LHB Sammy Roddenberry
|
0-0: Ball 1-0: DOUBLE (Line Drive, 9LM, EV 101.2 MPH) Phil Lerner scores Freddie Brown to third
|
|
Batting: RHB Wally Cangro
|
0-0: Ball Wild Pitch! Freddie Brown scores Sammy Roddenberry to third 1-0: Swinging Strike 1-1: Swinging Strike 1-2: Ball 2-2: Strikes out swinging
|
|
Batting: RHB Max Stillo
|
0-0: Called Strike 0-1: Ball 1-1: Foul Ball, location: 2F 1-2: Ball 2-2: Foul Ball, location: 2F 2-2: Ball 3-2: Ground out 6-3 (Groundball, 6, EV 88.1 MPH)
|
| Bottom of the 5th over - 2 runs, 1 hit, 1 error, 1 left on base; Miami (APP) 1 - San Diego (APP) 13 |
| TOP OF THE 6TH |
|
Miami (APP) Marlins batting - Pitching for San Diego (APP) Padres : RHP Rogelio Nunez
|
|
Batting: RHB Mario Cota
|
0-0: Ball 1-0: Called Strike 1-1: DOUBLE (Groundball, 5D, EV 95.0 MPH)
|
|
Batting: RHB Keith Bennett
|
0-0: Called Strike 0-1: Ball 1-1: Ball 2-1: Swinging Strike 2-2: Strikes out swinging
|
|
Batting: RHB Rick Knoblauch
|
0-0: Ball 1-0: Called Strike 1-1: Called Strike 1-2: Strikes out looking
|
|
Batting: LHB Gavrilo Brkic
|
0-0: Ball 1-0: Called Strike 1-1: Called Strike 1-2: Foul Ball, location: 2F 1-2: Foul Ball, location: 2F 1-2: Strikes out swinging
|
| Top of the 6th over - 0 runs, 1 hit, 0 errors, 1 left on base; Miami (APP) 1 - San Diego (APP) 13 |
| BOTTOM OF THE 6TH |
|
San Diego (APP) Padres batting - Pitching for Miami (APP) Marlins : RHP Jeremy Akande
|
|
Batting: RHB Aaron Joseph
|
0-0: Ball 1-0: Called Strike 1-1: Ball 2-1: Ball 3-1: DOUBLE (Line Drive, 89D, EV 107.5 MPH)
|
|
Batting: RHB Stephon Hill
|
0-0: Ball 1-0: Ball 2-0: Ball 3-0: Foul Ball, location: 2F 3-1: Base on Balls
|
|
Batting: SHB Yutaro Takahashi
|
0-0: Ball 1-0: Ball 2-0: Foul Ball, location: 2F 2-1: Fly out, F7 (Line Drive, 7D, EV 90.0 MPH)
|
|
Batting: LHB Phil Lerner
|
0-0: Ball 1-0: Called Strike 1-1: Ball Wild Pitch! Aaron Joseph to third Stephon Hill to second 2-1: Called Strike 2-2: Ball 3-2: Ground out 5-3 (Groundball, 5S, EV 71.2 MPH)
|
|
Batting: RHB Antonio Lara
|
0-0: Swinging Strike 0-1: Foul Ball, location: 2F 0-2: Ball 1-2: SINGLE (Groundball, 6MD, EV 96.9 MPH) Aaron Joseph scores Stephon Hill to third Runner from 3rd tries for Home, SAFE, throw by CF to home
|
|
Batting: RHB Freddie Brown
|
0-0: DOUBLE (Line Drive, 9LM, EV 107.5 MPH) Antonio Lara to third
|
|
Batting: LHB Sammy Roddenberry
|
0-0: Fly out, F8 (Line Drive, 8RD, EV 107.5 MPH)
|
| Bottom of the 6th over - 2 runs, 3 hits, 0 errors, 2 left on base; Miami (APP) 1 - San Diego (APP) 15 |
| TOP OF THE 7TH |
|
Miami (APP) Marlins batting - Pitching for San Diego (APP) Padres : RHP Rogelio Nunez
|
|
Pitching: LHP Kenny Cohn
|
|
|
Batting: LHB Melvin Castro
|
0-0: Ball 1-0: Called Strike 1-1: Called Strike 1-2: Foul Ball, location: 2F 1-2: Strikes out swinging
|
|
Batting: LHB Bryan Wedge
|
0-0: Ball 1-0: Foul Ball, location: 2F 1-1: Called Strike 1-2: Strikes out swinging
|
|
Batting: RHB Jason Thrash
|
0-0: Ball 1-0: Ball 2-0: Ball 3-0: Called Strike 3-1: Base on Balls
|
|
Batting: RHB Adrian Bocker
|
0-0: Ball 1-0: Ball 2-0: Called Strike 2-1: Foul Ball, location: 2F 2-2: Strikes out swinging
|
| Top of the 7th over - 0 runs, 0 hits, 0 errors, 1 left on base; Miami (APP) 1 - San Diego (APP) 15 |
| BOTTOM OF THE 7TH |
|
San Diego (APP) Padres batting - Pitching for Miami (APP) Marlins : RHP Jeremy Akande
|
|
Batting: RHB Wally Cangro
|
0-0: Ball 1-0: Foul Ball, location: 2F 1-1: Ground out 6-3 (Groundball, 6, EV 78.1 MPH)
|
|
Batting: RHB Max Stillo
|
0-0: Ball 1-0: Swinging Strike 1-1: Ball 2-1: Ball 3-1: Base on Balls
|
|
Pinch Hitting: LHB Conor Barron
|
0-0: Foul Ball, location: 2F 0-1: Called Strike 0-2: Ball 1-2: Ball 2-2: Strikes out looking
|
|
Batting: RHB Stephon Hill
|
0-0: Foul Ball, location: 2F 0-1: Ball 1-1: Called Strike 1-2: Ball 2-2: Strikes out swinging
|
| Bottom of the 7th over - 0 runs, 0 hits, 0 errors, 1 left on base; Miami (APP) 1 - San Diego (APP) 15 |
| TOP OF THE 8TH |
|
Miami (APP) Marlins batting - Pitching for San Diego (APP) Padres : LHP Kenny Cohn
|
|
Now at 1B: Conor Barron
|
|
|
Batting: SHB Matt Moore
|
0-0: Ball 1-0: SINGLE (Groundball, 6MD, EV 110.6 MPH)
|
|
Batting: RHB Mario Cota
|
0-0: Called Strike 0-1: Ball 1-1: Ball 2-1: Ball 3-1: Foul Ball, location: 2F 3-2: Foul Ball, location: 2F 3-2: Foul Ball, location: 2F 3-2: Strikes out swinging
|
|
Pitching: RHP Scott Gillis
|
|
|
Batting: RHB Keith Bennett
|
0-0: Called Strike 0-1: Swinging Strike 0-2: Strikes out looking
|
|
Batting: RHB Rick Knoblauch
|
0-0: Called Strike 0-1: Called Strike 0-2: Ball 1-2: Ball 2-2: DOUBLE (Line Drive, 9LM, EV 104.4 MPH) Matt Moore to third Runner from 3rd tries for Home, SAFE, no throw by RF
|
|
Batting: LHB Gavrilo Brkic
|
0-0: Ball 1-0: Ball 2-0: Foul Ball, location: 2F 2-1: Swinging Strike 2-2: Foul Ball, location: 2F 2-2: Foul Ball, location: 2F 2-2: Ball 3-2: Strikes out swinging
|
| Top of the 8th over - 1 run, 2 hits, 0 errors, 1 left on base; Miami (APP) 2 - San Diego (APP) 15 |
| BOTTOM OF THE 8TH |
|
San Diego (APP) Padres batting - Pitching for Miami (APP) Marlins : RHP Jeremy Akande
|
|
Batting: SHB Yutaro Takahashi
|
0-0: Ball 1-0: Ball 2-0: Foul Ball, location: 2F 2-1: Ball 3-1: Foul Ball, location: 2F 3-2: Base on Balls
|
|
Batting: LHB Phil Lerner
|
0-0: Ball 1-0: Ball 2-0: Ball 3-0: Base on Balls Yutaro Takahashi to second
|
|
Batting: RHB Antonio Lara
|
0-0: Swinging Strike 0-1: Ball 1-1: Called Strike 1-2: Fielders Choice at 2nd, 6-4 (Groundball, 6, EV 108.1 MPH) Yutaro Takahashi to third
|
|
Batting: RHB Freddie Brown
|
0-0: Called Strike 0-1: TRIPLE (Line Drive, 89XD, EV 105.0 MPH) Yutaro Takahashi scores Antonio Lara scores
|
|
Batting: LHB Sammy Roddenberry
|
0-0: Fly out, F8 (Flyball, 78D, EV 79.4 MPH) Runner from 3rd tags up, SCORES, throw by CF
|
|
Batting: RHB Wally Cangro
|
0-0: Foul Ball, location: 2F 0-1: Fly out, F9 (Line Drive, 9D, EV 89.4 MPH)
|
| Bottom of the 8th over - 3 runs, 1 hit, 0 errors, 0 left on base; Miami (APP) 2 - San Diego (APP) 18 |
| TOP OF THE 9TH |
|
Miami (APP) Marlins batting - Pitching for San Diego (APP) Padres : RHP Scott Gillis
|
|
Batting: LHB Melvin Castro
|
0-0: Ball 1-0: Foul Ball, location: 2F 1-1: Foul Ball, location: 2F 1-2: Ball 2-2: Strikes out swinging
|
|
Batting: LHB Bryan Wedge
|
0-0: Called Strike 0-1: Swinging Strike 0-2: Strikes out looking
|
|
Batting: RHB Jason Thrash
|
0-0: Ball 1-0: SINGLE (Groundball, 15S, EV 67.5 MPH) (infield hit)
|
|
Batting: RHB Adrian Bocker
|
0-0: Called Strike 0-1: Called Strike 0-2: Ball 1-2: Ball 2-2: Strikes out looking
|
| Top of the 9th over - 0 runs, 1 hit, 0 errors, 1 left on base; Miami (APP) 2 - San Diego (APP) 18 |
|